Description

An immortal transition into late game skytoss.

VOD

https://youtu.be/6kXqYgplAOg?t=668

Replay - PvZ ViBE Immortal into Skytoss

Build Order

Get SALT Encoding   

  14  0:22  Pylon  
  15  0:42  Gateway  
  16  0:49  Assimilator  
  20  1:28  Nexus  
  20  1:41  Cybernetics Core  
  21  1:52  Assimilator  
  21  1:53  Pylon  
  22  2:08  Stalker  
  23  2:17  Warp Gate  
  27  2:40  Sentry  
  33  3:02  Robotics Facility  
  33  3:04  Gateway  
  35  3:06  Shield Battery  
  35  3:09  Sentry  
  38  3:19  Assimilator x2  
  42  3:35  Sentry  
  46  3:49  Pylon x2  
  46  3:56  Pylon  
  46  4:01  Observer  
  49  4:14  Stalker, Sentry  Keep producing
  53  4:18  Immortal  Keep producing
  60  4:35  Nexus  
  65  4:58  Gateway x2  
  67  5:05  Gateway  
  78  5:41  Twilight Council  
  79  5:45  Forge  
  79  5:50  Forge  
  82  6:05  Protoss Shields Level 1, Protoss Ground Weapons Level 1  
  96  6:36  Assimilator x2  
  101  6:49  Blink  
  104  7:06  Nexus  
  105  7:14  Templar Archives  
  121  7:45  Protoss Ground Weapons Level 2, Protoss Shields Level 2  
  123  7:52  High Templar x4  
  134  8:00  Assimilator x2  
  134  8:03  Archon x2  
  141  8:27  Gateway x2  
  141  8:36  Gateway  
  145  8:51  Gateway  
  153  9:09  Stargate  
  157  9:14  Protoss Air Weapons Level 1  
  171  9:30  Charge  
  171  9:37  Psionic Storm  
Spawning Tool Build Advisor. Get it on Overwolf

Go to:

Details

  • Created by: Maxgy   
  • Published on: Jul 24, 2020
  • Modified on: Jan 13, 2021
  • Patch: 4.11.0
  • Difficulty: Medium
Show
View Real Time Build Order
Export as new Build Order

Comments (0)

There are no comments. Be the first!

Create an account to comment!